 Dungeon Crawl Stone Soup version 0.29.1-1-gd02db6906a (webtiles) character file.

Game seed: 14763459123301043921

690 Sanktem7 the Trooper (level 7, -2/67 HPs)
             Began as a Minotaur Fighter on Oct 2, 2022.
             Was a Follower of Okawaru.
             Slain by a lemure (4 damage)
             ... led by Pikel
             ... on level 5 of the Dungeon.
             The game lasted 00:05:43 (4354 turns).

Sanktem7 the Trooper (Minotaur Fighter)             Turns: 4354, Time: 00:05:44

Health: -2/67      AC:  8    Str: 22    XL:     7   Next: 36%
Magic:  6/6        EV: 10    Int:  9    God:    Okawaru [*.....]
Gold:   292        SH:  4    Dex: 10    Spells: 6/6 levels left

rFire   . . .      SeeInvis .   a - +0 flail {mace}
rCold   + . .      Faith    .   c - +0 buckler
rNeg    . . .      Spirit   .   k - +5 leather armour of Seijial {-Tele rElec rC+ Int+4}
rPois   .          Reflect  .   (helmet restricted)
rElec   +          Harm     .   (no cloak)
rCorr   .          Rampage  .   (no gloves)
Will    .....      NoTele   +   (no boots)
Stlth   +.........              (no amulet)
HPRegen 0.21/turn               (no ring)
MPRegen 0.10/turn               (no ring)

@: no status effects
A: horns 2, retaliatory headbutt
a: Renounce Religion, Heroism


You were on level 5 of the Dungeon.
You worshipped Okawaru.
Okawaru was aware of your devotion.
You visited 1 branch of the dungeon, and saw 5 of its levels.

You collected 292 gold pieces.


Innate Abilities, Weirdness & Mutations

You have a pair of horns on your head.
You reflexively headbutt those who attack you in melee.


   Skills:
 * Level 7.8 Fighting
 * Level 7.2 Maces & Flails
 - Level 3.6 Armour
 - Level 3.6 Shields


You had 6 spell levels left.
You didn't know any spells.
Your spell library contained the following spells:

 Spells                   Type           Power      Damage    Failure   Level
 Magic Dart               Conj           0%         1d3       52%         1
 Searing Ray              Conj           0%         2d4       67%         2
 Static Discharge         Conj/Air       0%         3-3/arc   67%         2
 Fulminant Prism          Conj/Hex       0%         3d6       99%         4
 Lightning Bolt           Conj/Air       0%         1d11      100%        5
 Maxwell's Capacitive Co  Air            0%         ∞         100%        8

Inventory:

Hand Weapons
 a - a +0 flail (weapon) {mace}
 i - a +0 sling of flaming
   (You took it off a goblin on level 2 of the Dungeon)
Missiles
 e - 77 stones (quivered) {throwing}
 m - 5 javelins {throwing}
 s - a boomerang {throwing}
 t - 2 curare-tipped darts {=fthrowing}
 v - 2 poisoned darts {throwing}
 x - 2 silver boomerangs {throwing}
Armour
 c - a +0 buckler (worn)
 k - the +5 leather armour of Seijial (worn) {-Tele rElec rC+ Int+4}
   (You found it on level 2 of the Dungeon)

   Int:       It affects your intelligence (+4).
   rC:        It protects you from cold.
   rElec:     It insulates you from electricity.
   -Tele:     It prevents most forms of teleportation.
 y - a +0 chain mail
   (You found it on level 3 of the Dungeon)
Scrolls
 b - a scroll of fear {unknown}
 h - 2 scrolls of identify {unknown}
 n - 2 scrolls of teleportation {unknown}
 o - a scroll of blinking {unknown}
 r - 3 scrolls of amnesia {unknown}
 u - a scroll of immolation {unknown}
 w - 2 scrolls of brand weapon {unknown}
Potions
 d - 2 potions of might
 f - 6 potions of curing {unknown}
 g - 2 potions of heal wounds {unknown}
 j - a potion of brilliance {unknown}
 l - a potion of lignification {unknown}
 p - 2 potions of haste {@q3}
 q - a potion of mutation {unknown}
 z - a potion of flight {unknown}
 A - a potion of resistance {unknown}
 B - a potion of degeneration {unknown}

Dungeon Overview and Level Annotations

Branches:
Dungeon (5/15) Zot: 25607
 Temple: D:4-7

Altars:
Okawaru
Qazlal

Shops:
D:4 *

Annotations:
D:4 3 runed translucent doors, Dillybarz's ghost, novice MiFi
D:5 Pikel

...# ###....#.# #...#
#........# #...#
#...$....# #...#
#........#
#####...######....#..#
................?5...#
...............5K5..#
...............#5##.#
###.#....#####.#@##.#
#.#....### #......#
#.#.)....#
#.#.##.#######
#.#......#
#.............
#.#......#
#.#......###..
#........###........#
####.....##.........#
#.................#
#.................#


You could see Pikel and 4 lemures.


Message History

You now have 67 max hp (+1).
Your hp is fully restored (67).
No target in view!
You pick up a book of Conjurations {@e2} and begin reading...
You add the spells Magic Dart, Searing Ray and Fulminant Prism to your library.
You now have 292 gold pieces (gained 13).
An adder comes into view.
An adder is nearby!
The adder bites you but does no damage. The adder closely misses you.
You sock the adder! Your headbutt misses the adder.
The adder barely misses you. You furiously retaliate!
You headbutt the adder. You sock the adder!
You kill the adder!
Okawaru accepts your kill.
No target in view!
No target in view!
No target in view!
No target in view!
No target in view!
No target in view!
No target in view!
An adder comes into view.
The adder hisses angrily.
An adder is nearby!
You sock the adder!
You kill the adder!
Okawaru accepts your kill.
No target in view!
No target in view!
No target in view!
No target in view!
No target in view!
No target in view!
No target in view!
No target in view!
No target in view!
No target in view!
No target in view!
No target in view!
B - a cyan potion Pikel and 2 lemures come into view.
Pikel is wielding a +2 whip of flaming and wearing a +1 robe of cold resistance.
The lemure shouts! 2 lemures come into view.
The lemure shouts! x2
Pikel says, "You'll rot in Tartarus!"
You thump the lemure! Your headbutt misses the lemure.
The lemure hits you but does no damage.
You closely miss the lemure. You hit Pikel but do no damage.
You headbutt Pikel. You barely miss Pikel. Your headbutt misses Pikel.
Pikel cracks his whip.
Pikel hits you with a +2 whip of flaming!
Pikel burns you. The lemure hits you!
The lemure hits you but does no damage. 😮 HP[-18]
You take 18 damage, and now have 49/67 hp.
MASSIVE DAMAGE!! (PAUSE)
You hit Pikel. Your headbutt misses Pikel.
The lemure hits you but does no damage.
Pikel hits you with a +2 whip of flaming!
Pikel burns you. The lemure hits you but does no damage. The lemure hits you.
The lemure completely misses you. 😮 HP[-11]
You take 11 damage, and now have 38/67 hp.
You hit Pikel. You headbutt Pikel! The lemure barely misses you.
Pikel barely misses you. The lemure misses you.
The lemure hits you but does no damage. You block the lemure's attack.
You barely miss Pikel. The lemure hits you!
* * * LOW HITPOINT WARNING * * *
Pikel hits you with a +2 whip of flaming!
* * * LOW HITPOINT WARNING * * *
Pikel burns you.
* * * LOW HITPOINT WARNING * * *
The lemure hits you.
* * * LOW HITPOINT WARNING * * *
The lemure barely misses you. You furiously retaliate!
You headbutt the lemure, but do no damage.
The lemure hits you but does no damage. 😱 HP[-23]
You take 23 damage, and now have 15/67 hp.
MASSIVE DAMAGE!! (PAUSE) Pikel attacks as you move away!
Pikel hits you with a +2 whip of flaming.
* * * LOW HITPOINT WARNING * * *
Pikel burns you.
* * * LOW HITPOINT WARNING * * *
You block the lemure's attack. The lemure barely misses you. 😱 HP[-2]
You take 2 damage, and now have 13/67 hp.
The lemure attacks as you move away! The lemure hits you.
* * * LOW HITPOINT WARNING * * *
The lemure attacks as you move away! The lemure barely misses you.
Pikel attacks as you move away!
Pikel hits you with a +2 whip of flaming.
* * * LOW HITPOINT WARNING * * *
Pikel burns you.
* * * LOW HITPOINT WARNING * * *
😱 HP[-11]
You take 11 damage, and now have 2/67 hp.
You closely miss the lemure. The lemure hits you.
You die...

Skill      XL: |  1  2  3  4  5  6  7 |
---------------+----------------------+-----
Fighting       | 4 5 6 7 |  7.8
Maces & Flails | 5 6 7 |  7.2
Armour         | |  3.6
Shields        | |  3.6

Action                   |  1- 3 |  4- 6 |  7- 9 || total
-------------------------+-------+-------+-------++-------
Melee: Flail             |    44 |   154 |    21 ||   219
       Headbutt          |     4 |    22 |     5 ||    31
Armor: Scale mail        |    16 |    11 |       ||    27
       Leather armour    |       |    53 |     9 ||    62
Dodge: Dodged            |    19 |    60 |    15 ||    94
Block: Buckler           |    11 |    40 |     3 ||    54

Levels and vault maps discovered:
D:1:      dpeg_arrival_more_subterranean_lakeside_camping, layout_basic
D:2:      minmay_chambers_of_twos, layout_basic, ebering_ecumenical_altar_box,
          feat_on_display, uniq_sigmund
D:3:      layout_basic, old_standard_altar, guppyfry_early_orc_mine
D:4:      layout_loops_ring, mainiacjoe_overflow_brackets,
          gammafunk_ghost_nasty_kobolds, nicolae_take_the_stairs,
          hangedman_feature_mirror, kennysheep_windowed_goal
D:5:      layout_loops_cross, uniq_pikel

Notes
Turn   | Place    | Note
-------+----------+-------------------------------------------
     0 | D:1      | Sanktem7 the Minotaur Fighter began the quest for the Orb.
     0 | D:1      | Reached XP level 1. HP: 19/19 MP: 0/0
     0 | D:1      | magus.rc [v1.9.6]
   216 | D:1      | You fall into a shaft and drop 1 floor!
   249 | D:2      | Reached skill level 4 in Fighting
   249 | D:2      | Reached XP level 2. HP: 22/27 MP: 1/1
   325 | D:2      | Reached skill level 3 in Maces & Flails
   438 | D:2      | Found a faded altar of an unknown god.
   488 | D:2      | Noticed Sigmund
   502 | D:2      | Killed Sigmund
   503 | D:2      | Reached skill level 5 in Fighting
   503 | D:2      | Reached skill level 5 in Maces & Flails
   503 | D:2      | Reached XP level 3. HP: 12/37 MP: 2/2
   503 | D:2      | Reached XP level 4. HP: 15/44 MP: 3/3
   503 | D:2      | Reached XP level 5. HP: 17/50 MP: 4/4
   948 | D:2      | Reached skill level 6 in Fighting
  1052 | D:2      | Identified the +5 leather armour of Seijial {-Tele rElec
                  | rC+ Int+4}
  1071 | D:2      | Found the +3 woodcutter's axe {vorpal}
  2085 | D:3      | Reached XP level 6. HP: 38/57 MP: 5/5
  2117 | D:3      | Found an iron altar of Okawaru.
  2134 | D:3      | Became a worshipper of Warmaster Okawaru
  2554 | D:3      | You pick up a book of Lightning and begin reading...
  2554 | D:3      | You add the spells Static Discharge, Lightning Bolt and
                  | Maxwell's Capacitive Coupling to your library.
  3037 | D:4      | Reached skill level 6 in Maces & Flails
  3257 | D:4      | Found Orriklap's Assorted Antiques.
  3446 | D:4      | Found a runed translucent gate.
  3447 | D:4      | Found a runed translucent gate.
  3447 | D:4      | Found a runed translucent gate.
  3447 | D:4      | Noticed Dillybarz's ghost (novice MiFi)
  3486 | D:4      | Reached skill level 7 in Fighting
  3781 | D:4      | Found a stormy altar of Qazlal.
  4030 | D:5      | Entered Level 5 of the Dungeon
  4057 | D:5      | Reached XP level 7. HP: 57/66 MP: 6/6
  4304 | D:5      | Reached * piety under Okawaru
  4305 | D:5      | Reached skill level 7 in Maces & Flails
  4307 | D:5      | You pick up a book of Conjurations {@e2} and begin
                  | reading...
  4307 | D:5      | You add the spells Magic Dart, Searing Ray and Fulminant
                  | Prism to your library.
  4342 | D:5      | Noticed Pikel
  4351 | D:5      | HP: 15/67 [lemure[Pikel] (4)]
  4353 | D:5      | HP: 3/67 [Pikel/+2 whip of flaming (5)]
  4354 | D:5      | Slain by a lemure

Vanquished Creatures
  Sigmund (D:2)
  An ogre (D:5)
  2 scorpions (D:4)
  An orc priest (D:3)
  2 hounds (D:5)
  2 iguanas
  An orc wizard (D:4)
  5 adders
  A white imp (D:5)
  An ufetubus (D:4)
  A worm (D:2)
  2 dart slugs
  16 orcs
  4 endoplasms
  2 giant cockroaches
  11 goblins
  7 hobgoblins
  3 jackals (D:4)
  2 quokkas (D:1)
  6 ball pythons
  4 bats
  6 frilled lizards
  8 kobolds
  3 rats
92 creatures vanquished.

Table legend:
 A = Non-vault XP
 B = Vault XP
 C = Vault XP percentage of total XP
 D = Non-vault monster count
 E = Vault monster count
 F = Vault count percentage of total count
                 A         B        C        D         E       F
            +---------+---------+-------+---------+---------+-------
      Total |     701 |     286 |  29.0 |      75 |      17 |  18.5
            +---------+---------+-------+---------+---------+-------
        D:1 |      21 |       0 |   0.0 |      13 |       0 |   0.0
        D:2 |      32 |     269 |  89.4 |      14 |       9 |  39.1
        D:3 |      83 |      16 |  16.2 |      20 |       7 |  25.9
        D:4 |     279 |       1 |   0.4 |      19 |       1 |   5.0
        D:5 |     286 |       0 |   0.0 |       9 |       0 |   0.0
            +---------+---------+-------+---------+---------+-------

Illustrated notes

Table legend:
 A = Kills in this place as a percentage of kills in entire the game.
 B = Kills by you in this place as a percentage of kills by you in the entire game.
 C = Kills by friends in this place as a percentage of kills by friends in the entire game.
 D = Other kills in this place as a percentage of other kills in the entire game.
 E = Experience gained in this place as a percentage of experience gained in the entire game.
 F = Experience gained in this place divided by the number of levels of this place that you have seen.
                   A       B       C       D       E      F
               +-------+-------+-------+-------+-------+----------------------
         Total | 100.0 | 100.0 |   N/A |   N/A | 100.0 | 197.4
       Dungeon | 100.0 | 100.0 |   N/A |   N/A | 100.0 | 197.4
               +-------+-------+-------+-------+-------+----------------------

Table legend: (Time is in decaauts)
 A = Elapsed time spent in this place.
 B = Non-inter-level travel time spent in this place.
 C = Inter-level travel time spent in this place.
 D = Time resting spent in this place.
 E = Time spent auto-exploring this place.
 F = Levels seen in this place.
 G = Mean time per level.
                   A        B        C        D        E       F      G
               +--------+--------+--------+--------+--------+-----+--------+
         Total |   4391 |   4085 |    306 |      0 |   3548 |   5 |  878.2 |
       Dungeon |   4391 |   4085 |    306 |      0 |   3548 |   5 |  878.2 |
               +--------+--------+--------+--------+--------+-----+--------+

Top non-repeatable levels by time:
     D:4: 1285 daAuts
     D:2: 1150 daAuts
     D:1: 887 daAuts
     D:3: 742 daAuts
     D:5: 325 daAuts
